 Dungeon Crawl Stone Soup version 0.30-a0-168-g0b976cbdc4 (webtiles) character file.

Game seed: 37682273574346539

35 scionoferis the Shooter (level 3, -5/23 HPs)
             Began as a Kobold Hunter on Sept 29, 2022.
             Slain by a gnoll
             ... wielding a +0 flail
              (7 damage)
             ... on level 2 of the Dungeon.
             The game lasted 00:03:21 (1116 turns).

scionoferis the Shooter (Kobold Hunter)             Turns: 1116, Time: 00:03:21

Health: -5/23      AC:  3    Str: 10    XL:     3   Next: 52%
Magic:  3/3        EV: 14    Int: 10    God:
Gold:   73         SH:  0    Dex: 18    Spells: 2/2 levels left

rFire   . . .      SeeInvis .    b - +0 dagger
rCold   . . .      Faith    .    (no shield)
rNeg    . . .      Spirit   .    c - +0 leather armour
rPois   .          Reflect  .    (no helmet)
rElec   .          Harm     .    (no cloak)
rCorr   .          Rampage  .    (no gloves)
Will    .....                    (no boots)
Stlth   +++.......               e - amulet of magic regeneration
HPRegen 0.07/turn                g - ring of wizardry
MPRegen 0.48/turn                (no ring)

@: brilliant
A: small, no large weapons, nightstalker 3
a: no special abilities


You were on level 2 of the Dungeon.
You visited 1 branch of the dungeon, and saw 2 of its levels.

You collected 73 gold pieces.

Inventory:

Hand Weapons
 a - a +0 shortbow
 b - a +0 dagger (weapon)
 k - a +0 sling
Armour
 c - a +0 leather armour (worn)
 i - a +0 buckler
Jewellery
 e - an amulet of magic regeneration (around neck)
 g - a ring of wizardry (left hand)
Scrolls
 d - a scroll of noise {unknown}
 f - a scroll of enchant armour {unknown}
 h - a scroll of brand weapon {unknown}
 m - a scroll of teleportation {unknown}
 n - a scroll of immolation
Potions
 j - a potion of might
 o - a potion of berserk rage {unknown}
 p - a potion of mutation {unknown}


   Skills:
 + Level 3.0 Fighting
 * Level 1.2 Short Blades
 + Level 5.6 Ranged Weapons
 + Level 0.9 Armour
 - Level 2.4 Dodging
 - Level 1.3 Stealth


You had 2 spell levels left.
You didn't know any spells.
Your spell library contained the following spells:

 Spells                   Type           Power      Damage    Failure   Level
 Static Discharge         Conj/Air       0%         2-2/arc   30%         2
 Stone Arrow              Conj/Erth      0%         3d7       50%         3
 Animate Armour           Summ/Erth      0%         N/A       87%         4
 Arcjolt                  Conj/Air       0%         1d10      99%         5
 Lightning Bolt           Conj/Air       0%         1d11      99%         5
 Lehudib's Crystal Spear  Conj/Erth      0%         10d2      100%        8
 Maxwell's Capacitive Co  Air            0%         ∞         100%        8


Dungeon Overview and Level Annotations

Branches:
Dungeon (2/15)

Altars:


Innate Abilities, Weirdness & Mutations

You are small and have problems with some larger weapons.
You are completely attuned to the shadows.


Message History

Your Fighting skill increases to level 3!
A dart slug comes into view.
Found 14 gold pieces.
You shoot an arrow. The arrow hits the dart slug.
The dart slug is heavily wounded.
You hear a shout!
A gnoll comes into view. It is wielding a +0 flail.
The dart slug launches a dart at you. The slug dart misses you.
You shoot an arrow. The arrow hits the gnoll!
The gnoll is severely wounded.
A gnoll comes into view. It is wielding a +0 flail.
b - a +0 dagger (weapon)
You hit the gnoll.
The gnoll is severely wounded.
The gnoll misses you.
You hit the gnoll.
The gnoll is almost dead.
The gnoll misses you.
You hit the gnoll.
You kill the gnoll!
Your Short Blades skill increases to level 1!
You hit the gnoll.
The gnoll is moderately wounded.
The gnoll hits you with a +0 flail!
Ouch! That really hurt!
You hit the gnoll but do no damage.
The gnoll is moderately wounded.
The gnoll closely misses you.
You completely miss the gnoll.
The gnoll is moderately wounded.
The gnoll hits you with a +0 flail.
You hit the gnoll but do no damage.
The gnoll is moderately wounded.
The gnoll hits you with a +0 flail.
* * * LOW HITPOINT WARNING * * *
It was a potion of brilliance.
You feel clever all of a sudden. The gnoll hits you with a +0 flail!
You die...

#...$..#
#......##
#........
#......g.
#...w....
####g#...
######@# ..
.......# .
#####..# .
#..####
##.#........
...#.#####.#
..)......#.#
####....##.#
..........<#


You could see a gnoll and a dart slug.

Vanquished Creatures
  A gnoll (D:2)
  A dart slug (D:1)
  3 bats (D:1)
  An endoplasm (D:1)
  2 giant cockroaches (D:1)
  A goblin (D:1)
  A hobgoblin (D:1)
  3 jackals (D:1)
  3 kobolds
  A ball python (D:1)
  5 rats (D:1)
22 creatures vanquished.

Notes
Turn   | Place    | Note
-------+----------+-------------------------------------------
     0 | D:1      | scionoferis the Kobold Hunter began the quest for the Orb.
     0 | D:1      | Reached XP level 1. HP: 12/12 MP: 1/1
    78 | D:1      | Found a faded altar of an unknown god.
   120 | D:1      | Reached XP level 2. HP: 18/18 MP: 2/2
   534 | D:1      | Reached XP level 3. HP: 9/22 MP: 3/3
  1112 | D:2      | Reached skill level 1 in Short Blades
  1116 | D:2      | Slain by a gnoll

Illustrated notes

Levels and vault maps discovered:
D:1:      dpeg_arrival_fog, layout_loops_ring,
          ebering_ecumenical_altar_sacrificial
D:2:      layout_basic

Skill      XL: |  1  2  3 |
---------------+----------+-----
Fighting       | 3 |  3.0
Short Blades   | 1 |  1.2
Ranged Weapons | |  5.6
Armour         | |  0.9
Dodging        | |  2.4
Stealth        | |  1.3

Action                   || total
-------------------------++-------
Melee: Dagger            ||    25
 Fire: Shortbow          ||    43
  Use: Potion            ||     2
Armor: Leather armour    ||     8
Dodge: Dodged            ||    27

Table legend: (Time is in decaauts)
 A = Elapsed time spent in this place.
 B = Non-inter-level travel time spent in this place.
 C = Inter-level travel time spent in this place.
 D = Time resting spent in this place.
 E = Time spent auto-exploring this place.
 F = Levels seen in this place.
 G = Mean time per level.
                   A        B        C        D        E       F      G
               +--------+--------+--------+--------+--------+-----+--------+
         Total |   1122 |   1108 |     14 |    222 |    731 |   2 |  561.0 |
       Dungeon |   1122 |   1108 |     14 |    222 |    731 |   2 |  561.0 |
               +--------+--------+--------+--------+--------+-----+--------+

Top non-repeatable levels by time:
     D:1: 1084 daAuts
     D:2: 37 daAuts
